 Dungeon Crawl Stone Soup version 0.18-a0-1805-g8ab820f (webtiles) character file.

3795 MovingMist the Twirler (level 9, -13/63 HPs)
             Began as a Demonspawn Chaos Knight on Apr 27, 2016.
             Killed from afar by Erica (14 damage)
             ... with a bolt of poison
             ... on level 8 of the Dungeon.
             The game lasted 00:29:41 (6016 turns).

MovingMist the Twirler (Demonspawn Chaos Knight)    Turns: 6016, Time: 00:29:41

Health: -13/63     AC:  6    Str: 19    XL:     9   Next: 96%
Magic:  7/9        EV: 15    Int: 11    God:    Xom [*.....]
Gold:   276        SH:  0    Dex: 15    Spells: 1 memorised, 6 levels left

rFire  . . .     SeeInvis .     o - +4 quarterstaff (chaos)
rCold  + + .     Gourm    .     t - +5 ring mail
rNeg   . . .     Faith    .     (shield currently unavailable)
rPois  .         Spirit   .     (helmet restricted)
rElec  .         Dismiss  .     (no cloak)
rCorr  .         Reflect  .     (no gloves)
SustAt .         Harm     .     (no boots)
MR     .....                    l - amulet of inaccuracy (curse)
Stlth  +.........               z - +5 ring of strength
                                r - ring of protection from cold

@: lethally poisoned (-13 -> -26), corroded, very slightly contaminated,
drained, not resistant to hostile enchantments, very unstealthy
A: antennae 1, repulsion field 1, cold resistance 1, deterioration 1, dopey 1,
frail 1, spiny 1
a: Renounce Religion


You were on level 8 of the Dungeon.
You worshipped Xom.
You were a special plaything of Xom.
You were not hungry.

You visited 2 branches of the dungeon, and saw 9 of its levels.

You collected 276 gold pieces.

Inventory:

Hand Weapons
 g - a +0 spear of chaos
 j - a +2 whip of pain
 o - a +4 quarterstaff of chaos (weapon)
 v - a +2 great sword
Missiles
 u - 8 tomahawks of returning (quivered)
Armour
 b - a +2 leather armour
 h - a +0 chain mail
 t - a +5 ring mail (worn)
 y - a +0 large shield
Rods
 m - a +1 rod of inaccuracy (14/14)
   (You found it on level 6 of the Dungeon)
Jewellery
 l - a cursed amulet of inaccuracy (around neck)
 r - a ring of protection from cold (left hand)
 z - a +5 ring of strength (right hand)
Wands
 a - a wand of random effects (28/48)
 p - a wand of enslavement (15/24)
 q - a wand of teleportation (6/9)
 x - a wand of acid (9/15)
Scrolls
 f - 4 scrolls of remove curse
 i - 2 scrolls of identify
 k - a scroll of teleportation
 n - a scroll of immolation
Potions
 e - a potion of agility
 w - a potion of berserk rage
Books
 s - a book of Minor Magic

   Spells                             Type                      Level
   a - Magic Dart                     Conjuration                  1
   b - Blink                          Translocation                2
   c - Call Imp                       Summoning                    2
   d - Repel Missiles                 Charms/Air                   2
   e - Slow                           Hexes                        2
   f - Conjure Flame                  Conjuration/Fire             3
   g - Mephitic Cloud                 Conjuration/Poison/Air       3
Miscellaneous
 A - a plain deck of war {drawn: 2}
Comestibles
 c - 6 bread rations
 d - 5 meat rations
 B - 2 beef jerkies
 C - 7 slices of pizza
 D - 4 chunks of flesh


   Skills:
 + Level 6.8(5.6) Fighting
 + Level 6.3(6.5) Polearms
 * Level 6.8 Staves
 + Level 5.4(4.3) Armour
 + Level 5.6(4.4) Dodging
 - Level 0.6(0.0) Stealth


You had 6 spell levels left.
You knew the following spells:

 Your Spells              Type           Power        Failure   Level  Hunger
a - Blink                 Tloc           N/A          85%         2    ###....


Dungeon Overview and Level Annotations

Branches:
Dungeon (8/15)             Temple (1/1) D:6
   Lair: D:8-11

Altars:
Dithmenos
Fedhas
Nemelex Xobeh
Pakellas
Sif Muna
Vehumet
Xom
Yredelemnul
The Shining One

Annotations:
D:6 exclusion: oklob plant
D:8 Erica


Innate Abilities, Weirdness & Mutations

You have a pair of small antennae on your head.
You are surrounded by a mild repulsion field (EV +2).
Your flesh is cold resistant.
You are partially covered in sharp spines.
Your body sometimes deteriorates upon taking damage.
You are dopey. (Int -2)
You are frail (-10% HP).


Message History

Erica is heavily wounded.
Your shadow imp hits Erica.
Drink which item? (? for menu, Esc to quit)
You feel better.
Erica hits you with a scimitar of flaming!
* * * LOW HITPOINT WARNING * * *
Erica burns you.
* * * LOW HITPOINT WARNING * * *
Your shadow imp hits Erica.
Okay, then.
Casting: Blink
Confirm with . or Enter, or press ? or * to list all spells.
You miscast Blink.
You are very lightly contaminated with residual magic.
The air around you crackles with energy!
Erica points at you and mumbles some strange words.
The bolt of poison hits you!
You are lethally poisoned!
You die...
Xom giggles madly!

#..# #..# #..#
#.:# # #..#
#.#.###..######
.......5.......
#...@@.#
######.# #.#
#.# #(# #.###
#...# ###.# #.#


You could see Erica and a friendly shadow imp.

Vanquished Creatures
  Pikel (D:7)
  The ghost of graki42 the Conjurer, a novice DECj (D:5)
  A human (D:7)
  A wraith (D:7)
  A hog (D:7)
  2 phantoms
  3 necrophages (D:7)
  3 ogres
  A centaur (D:7)
  3 sheep (D:7)
  2 giant frogs (D:6)
  An elf skeleton (D:7)
  2 scorpions
  9 wights
  2 howler monkeys (D:6)
  7 crimson imps
  A jelly (D:5)
  A quasit (D:6)
  A human zombie (D:7)
  A hound (D:4)
  3 human skeletons (D:7)
  Crazy Yiuf (D:3)
  A centaur skeleton (D:6)
  Ijyb (D:3)
  Natasha (thrice) (D:2)
  2 iguanas
  8 worker ants
  A killer bee zombie (D:5)
  A hound skeleton (D:5)
  A mummy (D:7)
  4 gnolls (D:5)
  A worker ant zombie (D:7)
  9 adders
  A howler monkey skeleton (D:7)
  An ooze (D:3)
  2 adder skeletons
  2 worms (D:2)
  A dart slug (D:1)
  3 giant geckos
  2 orcs
  A ball python (D:5)
  3 giant cockroaches
  3 goblins (D:1)
  4 hobgoblins
  11 jackals
  A quokka (D:2)
  10 bats
  A giant gecko skeleton (D:6)
  9 giant newts
  3 kobolds (D:2)
  An orc skeleton (D:7)
  7 rats
146 creatures vanquished.

Vanquished Creatures (others)
  3 slaves (D:7)
  A worker ant zombie (D:7)
4 creatures vanquished.

Grand Total: 150 creatures vanquished

Notes
Turn   | Place    | Note
--------------------------------------------------------------
     0 | D:1      | MovingMist the Demonspawn Chaos Knight began the quest for the Orb.
     0 | D:1      | Reached XP level 1. HP: 18/18 MP: 1/1
   166 | D:1      | Reached skill level 1 in Dodging
   198 | D:1      | Gained mutation: You are partially covered in sharp spines. [demonic ancestry]
   198 | D:1      | Reached XP level 2. HP: 23/24 MP: 2/2
   231 | D:1      | XOM: colour smoke trail
   630 | D:2      | XOM: harmless Divn miscast
   637 | D:2      | Gained mutation: You are surrounded by a mild repulsion field (EV +2). [demonic ancestry]
   637 | D:2      | Reached XP level 3. HP: 22/29 MP: 3/3
   695 | D:2      | Found an oddly glowing altar of Pakellas.
   851 | D:2      | XOM: harmless Divn miscast
   870 | D:2      | Noticed Natasha
   875 | D:2      | XOM: butterfly on damage
   876 | D:2      | Killed Natasha
   879 | D:2      | Gained mutation: Your flesh is cold resistant. [demonic ancestry]
   879 | D:2      | Reached XP level 4. HP: 21/37 MP: 4/4
   982 | D:2      | XOM: mild Trmt miscast
  1109 | D:2      | Noticed Natasha
  1126 | D:2      | XOM: medium Divn miscast
  1147 | D:2      | Killed Natasha
  1192 | D:2      | Noticed Natasha
  1198 | D:2      | Killed Natasha
  1198 | D:2      | Gained mutation: You have a pair of small antennae on your head. [demonic ancestry]
  1198 | D:2      | Reached XP level 5. HP: 40/42 MP: 5/5
  1229 | D:2      | XOM: harmless Hex miscast
  1398 | D:3      | Noticed Crazy Yiuf
  1405 | D:3      | Killed Crazy Yiuf
  1466 | D:3      | XOM: god gift: beef jerky
  1715 | D:3      | XOM: mild Air miscast
  1741 | D:3      | Noticed Ijyb
  1748 | D:3      | Killed Ijyb
  1873 | D:4      | XOM: 8-stop teleportation journey
  1953 | D:4      | Reached XP level 6. HP: 48/48 MP: 6/6
  2001 | D:4      | XOM: summons 2 hostile demons
  2240 | D:4      | Reached skill level 1 in Staves
  2250 | D:5      | Entered Level 5 of the Dungeon
  2252 | D:5      | XOM: summons 3 hostile shadow creatures
  2411 | D:5      | Noticed graki42's ghost (novice DECj)
  2421 | D:5      | XOM: confuse monster(s)
  2427 | D:5      | Killed graki42's ghost
  2427 | D:5      | Reached XP level 7. HP: 25/55 MP: 7/7
  2650 | D:5      | XOM: potion effect (brilliance)
  2655 | D:5      | XOM: confuse monster(s)
  2731 | D:5      | Gained mutation: You are dopey. (Int -2) [potion of mutation]
  2731 | D:5      | Gained mutation: Your body sometimes deteriorates upon taking damage. [potion of mutation]
  2731 | D:5      | Gained mutation: You are frail (-10% HP). [potion of mutation]
  2869 | D:5      | XOM: mild Air miscast
  2974 | D:5      | XOM: 4-stop teleportation journey
  3021 | D:5      | Reached skill level 5 in Fighting
  3021 | D:5      | Reached XP level 8. HP: 23/55 MP: 8/8
  3535 | D:6      | Learned a level 2 spell: Blink
  3658 | D:6      | Found a staircase to the Ecumenical Temple.
  3668 | D:6      | XOM: harmless Necr miscast
  3680 | D:6      | Reached skill level 5 in Polearms
  3696 | D:6      | XOM: divination: detect creatures
  3728 | D:6      | XOM: silly message
  3897 | Temple   | Entered the Ecumenical Temple
  3966 | Temple   | XOM: harmless Summ miscast
  3987 | Temple   | XOM: mild Summ miscast
  4010 | D:6      | Found a blossoming altar of Fedhas.
  4021 | D:6      | Noticed an oklob plant
  4153 | D:6      | XOM: harmless Chrm miscast
  4328 | D:6      | XOM: god gift: 11 gold pieces
  4632 | D:7      | XOM: potion effect (might)
  4637 | D:7      | Reached skill level 5 in Staves
  4650 | D:7      | Reached XP level 9. HP: 42/62 MP: 9/9
  4661 | D:7      | XOM: potion effect (invisibility)
  4752 | D:7      | Found a shadowy altar of Dithmenos.
  4844 | D:7      | Found a sparkling altar of Nemelex Xobeh.
  4882 | D:7      | Found a blossoming altar of Fedhas.
  4882 | D:7      | Found a glowing golden altar of the Shining One.
  4963 | D:7      | Noticed Pikel
  4979 | D:7      | Killed Pikel
  4979 | D:7      | Reached skill level 5 in Dodging
  5021 | D:7      | Found a basalt altar of Yredelemnul.
  5039 | D:7      | Reached skill level 5 in Armour
  5266 | D:7      | XOM: mild Conj miscast
  5653 | D:7      | XOM: draining
  5761 | D:7      | XOM: medium Ice miscast
  6006 | D:8      | Noticed Erica
  6006 | D:8      | XOM: summons friendly shadow imp
  6015 | D:8      | HP: 2/63 [Erica/scimitar of flaming (9)]
  6016 | D:8      | Killed from afar by Erica

Vault maps used:
D:1:      minmay_arrival_doors
D:2:      grunt_pakellas_mercury, uniq_natasha
D:3:      uniq_iyjb, uniq_crazy_yiuf_cottage
D:4:      first_bread, patterned_corridor
D:5:      supply_closet_lemuel, kennysheep_small_square
D:6:      minmay_temple_entry_large_hall, minivault_25, st_stairs_1, tgw_fedhas
D:7:      lemuel_round_altar, gammafunk_temple_overflow_elements, nemelex_deck,
          nicolae_overflow_hidden_temple, grunt_livestock, minivault_4,
          lemuel_mausoleum_altar_yredelemnul, uniq_pikel
D:8:      lair_0_dummy, uniq_erica
Temple:   nicolae_temple_figure_eight

Skill      XL: |  1  2  3  4  5  6  7  8  9 |
---------------+----------------------------+-----
Dodging        | 1 2 3 4 5 |  5.6
Polearms       | 3 4 5 6 |  6.3
Armour         | 2 3 4 5 |  5.4
Fighting       | 4 5 6 |  6.8
Staves         | 2 3 5 6 |  6.8
Stealth        | |  0.6

Action                   |  1- 3 |  4- 6 |  7- 9 || total
-------------------------+-------+-------+-------++-------
Melee: Spear             |    56 |    50 |       ||   106
       Whip              |     5 |       |       ||     5
       Quarterstaff      |       |    54 |   258 ||   312
 Cast: Blink             |       |       |     4 ||     4
Evoke: Deck              |       |       |     2 ||     2
  Use: Scroll            |     6 |     3 |     2 ||    11
       Potion            |     2 |     2 |     7 ||    11
 Stab: Paralysed         |     2 |     2 |     1 ||     5
       Sleeping          |       |     2 |       ||     2
       Confused          |       |     1 |     2 ||     3
       Invisible         |       |       |     1 ||     1
  Eat: Chunk             |       |     6 |     9 ||    15
       Beef jerky        |       |       |     1 ||     1
       Bread ration      |       |       |     1 ||     1
Armor: Leather armour    |    15 |    37 |       ||    52
       Ring mail         |       |     5 |    56 ||    61
       Skin              |       |       |    16 ||    16
Dodge: Dodged            |    28 |    98 |   146 ||   272
